 Dungeon Crawl Stone Soup version 0.27.1-3-gb3d3a73c9e (webtiles) character file.

Game seed: 8953146462873464082

70 horus123 the Stinger (level 4, -1/24 HPs)
             Began as a Deep Elf Venom Mage on Oct 13, 2021.
             Slain by Sigmund (6 damage)
             ... on level 3 of the Dungeon.
             The game lasted 00:07:44 (2528 turns).

horus123 the Stinger (Deep Elf Venom Mage)          Turns: 2528, Time: 00:07:45

Health: -1/24      AC:  4    Str:  5    XL:     4   Next: 3%
Magic:  3/12       EV: 12    Int: 21    God:
Gold:   77         SH:  0    Dex: 15    Spells: 1/11 levels left

rFire    + . .     SeeInvis .   (no weapon)
rCold    x . .     Faith    .   (no shield)
rNeg     . . .     Spirit   .   a - +1 robe
rPois    .         Reflect  .   (no helmet)
rElec    .         Harm     .   (no cloak)
rCorr    .         Rampage  .   g - +0 pair of gloves
Will     .....                  (no boots)
Stlth    +.........             c - amulet of the acrobat
HPRegen  0.08/turn              e - ring of fire
MPRegen  0.13/turn              (no ring)

@: confused
A: no striking features
a: no special abilities


You were on level 3 of the Dungeon.
You visited 1 branch of the dungeon, and saw 3 of its levels.

You collected 77 gold pieces.

Inventory:

Armour
 a - a +1 robe (worn)
 g - a +0 pair of gloves (worn)
Jewellery
 c - an amulet of the acrobat (around neck)
 e - a ring of fire (left hand)
Scrolls
 d - a scroll of amnesia
Potions
 b - a potion of haste {unknown}
 f - a potion of ambrosia {unknown}


   Skills:
 + Level 2.5 Dodging
 + Level 2.5 Stealth
 + Level 4.0 Spellcasting
 + Level 2.0 Transmutations
 + Level 0.4 Air Magic
 * Level 4.3 Poison Magic


You had one spell level left.
You knew the following spells:

 Your Spells              Type           Power      Damage    Failure   Level
a - Sting                 Tmut/Pois      68%        1d6       3%          1
b - Poisonous Vapours     Pois/Air       28%        N/A       7%          2
c - Mephitic Cloud        Conj/Pois/Air  10%        N/A       19%         3
d - Olgreb's Toxic Radia  Pois           22%        N/A       21%         4

Your spell library contained the following spells:

 Spells                   Type           Power      Damage    Failure   Level


Dungeon Overview and Level Annotations

Branches:
Dungeon (3/15)

Altars:

Annotations:
D:3 Sigmund


Message History

Poisonous vapours surround Sigmund!
Sigmund looks even sicker.
Casting: Poisonous Vapours (safe; 7% risk of failure)
Confirm with . or Enter, or press ? or * to list all spells.
Aiming: Poisonous Vapours (safe; 7% risk of failure)
Press: ? - help, Dir - move target, f/p - Sigmund
Aim: Sigmund, wielding a +0 scythe and wearing a +0 robe (lightly wounded, very poisoned) Poisonous vapours surround Sigmund!
Sigmund looks as sick as possible!
Sigmund points at you and mumbles some strange words.
You resist with some effort.
Sigmund whispers, "You'll know eternity soon."
The sting hits Sigmund.
Sigmund looks as sick as possible!
Sigmund is moderately wounded.
Sigmund smiles chillingly.
Sigmund casts a spell.
Sigmund flickers and vanishes!
Deactivating autopickup; reactivate with Ctrl-A.
Casting: Sting (safe; 3% risk of failure)
Confirm with . or Enter, or press ? or * to list all spells.
Okay, then.
Aiming: Sting (safe; 3% risk of failure)
Press: ? - help, Q - select action, (/) - cycle Shift-Dir - straight line
Aiming: Sting (safe; 3% risk of failure)
Press: ? - help, Q - select action, (/) - cycle Shift-Dir - straight line Something hits you!
Ouch! That really hurt!
Aiming: Sting (safe; 3% risk of failure)
Press: ? - help, Q - select action, (/) - cycle Shift-Dir - straight line The sting hits something.
You hear some strange, mumbled words.
You are confused.
You're too confused to move!
You hear some strange, mumbled words.
You are more confused.
You bump into the rock wall.
A magic dart appears from out of thin air!
The magic dart hits you!
* * * LOW HITPOINT WARNING * * *
You bump into the rock wall.
You're too confused to move!
Something hits you.
You die...

##.######## #.....######.#.......
.....8#.........#
.....######.#...# 8...8 #.#####
##>## #.# ##### #.# #########
#..# #.# #......>. ######.##
#####@# #.####### #.......#
##...#.########.#####
#.......###......##..........<#
#.......##.........#.####.###.###
#.................###.# #........
#.......##..[......#.########.###
#.......###......##.## #......#
#.......# ##...#.#### #.####.#
#.#.#.#.# #####.# #.####.#


There were no monsters in sight!

Vanquished Creatures
  3 gnolls
  A worm (D:2)
  A dart slug (D:1)
  2 bats (D:1)
  3 endoplasms
  4 goblins (D:1)
  6 hobgoblins
  3 kobolds
  2 quokkas (D:1)
  4 ball pythons (D:1)
  3 frilled lizards (D:1)
  3 rats
35 creatures vanquished.

Notes
Turn   | Place    | Note
-------+----------+-------------------------------------------
     0 | D:1      | horus123 the Deep Elf Venom Mage began the quest for the
                  | Orb.
     0 | D:1      | Reached XP level 1. HP: 10/10 MP: 6/6
   220 | D:1      | Reached XP level 2. HP: 15/15 MP: 2/8
   338 | D:1      | Learned a level 2 spell: Poisonous Vapours
   907 | D:2      | Reached XP level 3. HP: 19/19 MP: 7/10
  1010 | D:2      | Learned a level 3 spell: Mephitic Cloud
  1996 | D:2      | Reached XP level 4. HP: 24/24 MP: 2/12
  2075 | D:2      | Learned a level 4 spell: Olgreb's Toxic Radiance
  2502 | D:3      | Noticed Sigmund
  2528 | D:3      | Slain by Sigmund

Illustrated notes

Levels and vault maps discovered:
D:1:      saegor_arrival_simple_e, layout_rooms
D:2:      layout_loops_cross
D:3:      layout_loops_corners, mainiacjoe_overflow_catwalk, fedhas_altar_1,
          nicolae_overflow_hidden_temple, kennysheep_generic_room_15,
          uniq_crazy_yiuf_cottage, uniq_sigmund

Skill      XL: |  1  2  3 |
---------------+----------+-----
Poison Magic   | 4 |  4.3
Spellcasting   | 4 |  4.0
Transmutations | 2 |  2.0
Dodging        | |  2.5
Stealth        | |  2.5
Air Magic      | |  0.4

Action                   |  1- 3 |  4- 6 || total
-------------------------+-------+-------++-------
 Cast: Sting             |    51 |     4 ||    55
       Poisonous Vapours |    17 |     5 ||    22
       Mephitic Cloud    |     1 |       ||     1
  Use: Scroll            |     2 |     3 ||     5
Armor: Robe              |     4 |       ||     4
Dodge: Dodged            |    18 |       ||    18
